[Event "Late-Titled-Tuesday-Blitz-October-03-2023"]
[Site "Chess.com"]
[Date "2023.10.03"]
[Round "11"]
[White "Cambek64"]
[Black "koncheto"]
[Result "1-0"]
[WhiteElo "2467"]
[BlackElo "2529"]
[TimeControl "180+1"]
[EndTime "16:00:18 PDT"]
[Termination "Cambek64 won by resignation"]

1. b3 d5 2. Bb2 Bg4 3. g3 Nd7 4. Bg2 Ngf6 5. Nf3 c5 6. O-O Qc7 7. d4 e6 8. c4 dxc4 9. bxc4 cxd4 10. Qxd4 Bc5 11. Qc3 O-O 12. Nbd2 Rfd8 13. Nb3 Bf8 14.
Rac1 Rac8 15. Qe3 b6 16. Nfd4 Nc5 17. Nb5 Qb8 18. Be5 Nxb3 19. axb3 Bd6 20. Nxd6 Rxd6 21.
Rcd1 Rcd8 22. Rxd6 Rxd6 23. Qf4 Bxe2 24. Bxd6 Qd8 25.
Re1 Bh5 26. h3 Bg6 27. Be5 Nd7 28. Rd1 Qe7 29. Bd6 Qd8 30. Rd2 h6 31. Ba3 e5 32.
Qg4 Qf8 33. Bxf8 1-0

[Event "Late-Titled-Tuesday-Blitz-October-03-2023"]
[Site "Chess.com"]
[Date "2023.10.03"]
[Round "11"]
[White "babero_gordo"]
[Black "NMZanette"]
[Result "0-1"]
[WhiteElo "1979"]
[BlackElo "2308"]
[TimeControl "180+1"]
[EndTime "16:00:21 PDT"]
[Termination "NMZanette won by resignation"]

1. e4 c5 2. d4 cxd4 3. c3 dxc3 4.
Nxc3 d6 5. Nf3 Nc6 6. Bc4 Nf6 7. e5 dxe5 8. Qxd8+ Nxd8 9. Nxe5 a6 10. O-O Be6 11. Be2 Nd5 12. Ne4 f6 13. Nf3 Rc8 14. Rd1 Bf7 15. Ng3 e6 16. Nd4 Nc6 17. Nb3 Be7 18.
Bf3 O-O 19. Ne4 Ne5 20. Be2 Rc2 21. Nd4 Rc7 22. f4 Nc4 23. Bf3 Nce3 24. Re1 Nc2 25. Nxc2 Rxc2 26. Bd1 Rc7 27. Bb3 Rfc8 28. g4 Nb4 29.
Nc3 Nd3 30. Re3 Bc5 31. Kf1 Nxc1 32. Rxe6 Nxb3 0-1

[Event "Late-Titled-Tuesday-Blitz-October-03-2023"]
[Site "Chess.com"]
[Date "2023.10.03"]
[Round "11"]
[White "alfianasybullina"]
[Black "Bodhanas"]
[Result "0-1"]
[WhiteElo "2369"]
[BlackElo "2155"]
[TimeControl "180+1"]
[EndTime "16:00:23 PDT"]
[Termination "Bodhanas won by resignation"]

1. d4 Nf6 2. Nf3 g6 3. Bg5 Bg7 4. Nbd2 b6 5. e4 Bb7 6. Bd3 d6 7. c3 Nbd7 8. Qe2 h6 9. Bh4 Nh5 10. Bg3 Nxg3 11. hxg3 e5 12. Qe3 exd4 13. cxd4 Qe7 14.
O-O O-O 15. Rac1 c5 16. Rc2 cxd4 17. Nxd4 Nc5 18. Nb5 a6 19. Nc3 Rfe8 20. Re1 Qd7 21. f3 d5 22. b4 dxe4 23. bxc5 Bd4 24. Bxe4 Bxe3+ 25. Rxe3 bxc5 26. Ne2 Bxe4 27. fxe4 Rad8 28. Kh2 Qxd2 29. Rxd2 Rxd2 30. Nf4 g5 31. Nd5 Rxd5 32. Rc3 Rxe4 33. Ra3 Re6 0-1

[Event "Late-Titled-Tuesday-Blitz-October-03-2023"]
[Site "Chess.com"]
[Date "2023.10.03"]
[Round "11"]
[White "GoltsevDmitry2000"]
[Black "Grossboss19"]
[Result "1-0"]
[WhiteElo "2681"]
[BlackElo "2517"]
[TimeControl "180+1"]
[EndTime "16:00:36 PDT"]
[Termination "GoltsevDmitry2000 won on time"]

1. e4 c6 2. d4 d5 3. Nc3 dxe4 4.
Nxe4 Nd7 5. Qe2 Ndf6 6. Bf4 Nxe4 7. Qxe4 Nf6 8. Qd3 g6 9. Nf3 Bg7 10. Qb3 O-O 11. Bd3 Nd5 12. Bd2 Rb8 13. c4 Nc7 14.
O-O-O b5 15. Bf4 Be6 16. Qc2 bxc4 17. Bxc4 Bxc4 18. Qxc4 Rb6 19. h4 Nd5 20. Bd2 h5 21.
Ne5 Bxe5 22. dxe5 Qd7 23. Rhe1 Qf5 24. f4 e6 25. Qc2 Rfb8 26. Qxf5 gxf5 27. b3 c5 28. Kc2 Rc6 29. Rb1 Rbc8 30. Kd3 c4+ 31. bxc4 Rxc4 32. Rec1 Rxc1 33. Rxc1 Nb4+ 34. Ke2 Rxc1 35.
Bxc1 Nxa2 36. Bd2 a5 37. Bxa5 Nc1+ 38. Ke3 Nb3 39. Bb6 1-0

[Event "Late-Titled-Tuesday-Blitz-October-03-2023"]
[Site "Chess.com"]
[Date "2023.10.03"]
[Round "11"]
[White "jinxy2009"]
[Black "C_K_G"]
[Result "1-0"]
[WhiteElo "2260"]
[BlackElo "1928"]
[TimeControl "180+1"]
[EndTime "16:00:42 PDT"]
[Termination "jinxy2009 won on time"]

1. e4 c5 2. Nf3 d6 3. d4 cxd4 4. Nxd4 Nf6 5. Nc3 a6 6. Be3 e5 7.
Nb3 Be6 8. f3 Be7 9. Qd2 Nbd7 10. O-O-O b5 11. Nd5 Nxd5 12. exd5 Bf5 13. Na5 Qc7 14.
Nc6 h5 15. Bd3 Bxd3 16. Qxd3 Bf6 17. g4 hxg4 18. fxg4 Nb6 19. g5 Bd8 20. g6 f6 21.
Qf5 Qd7 22. Qe6+ Qxe6 23. dxe6 Nc4 24. Bf2 Rc8 25. Nb4 Rh6 26. b3 Na5 27. Rxd6 Rxg6 28. Rxa6 Rg2 29. Bb6 Bxb6 30. Rxb6 Ke7 31. Nd5+ Ke8 32.
Ne3 Re2 33. Rxb5 Nc6 34. Nc4 Nd4 35. Nd6+ Kd8 36. e7+ Kxe7 37. Nxc8+ Ke6 38. Rb6+ Kf5 39. Nd6+ Kf4 40. c4 1-0

[Event "Late-Titled-Tuesday-Blitz-October-03-2023"]
[Site "Chess.com"]
[Date "2023.10.03"]
[Round "11"]
[White "lemures27"]
[Black "zajka-molotok"]
[Result "1-0"]
[WhiteElo "2484"]
[BlackElo "2554"]
[TimeControl "180+1"]
[EndTime "16:00:43 PDT"]
[Termination "lemures27 won by resignation"]

1. e4 c6 2. d4 d5 3. e5 Bf5 4.
Nd2 e6 5. Nb3 Nd7 6. c3 c5 7. f4 cxd4 8. Nxd4 Be4 9. Ngf3 Bc5 10. Bd3 Bxd3 11. Qxd3 Ne7 12. Be3 Qb6 13. b4 Bxd4 14.
Nxd4 Qc7 15. Nb5 Qc6 16. Nd6+ Kf8 17. O-O h5 18. Rac1 Nc8 19. Nb5 Ncb6 20. Nd6 Nc8 21. Nb5 Ndb6 22. Bc5+ Kg8 23. Nd4 Qe8 24. f5 Nc4 25.
fxe6 Nxe5 26. Qg3 f6 27. Rxf6 h4 28. Qg5 Rh5 29. Rf8+ Qxf8 30. Qxh5 Qf4 31. Rf1 Qe3+ 32. Kh1 Nb6 33. Nf5 g6 34. Ne7+ Kg7 35. Nxg6 Qd3 36. Qxe5+ Kxg6 37. Qf6+ Kh7 38. Bd4 Rg8 39. Qf7+ Kh6 40.
Rf6+ Kg5 41. Qxg8+ 1-0

[Event "Late-Titled-Tuesday-Blitz-October-03-2023"]
[Site "Chess.com"]
[Date "2023.10.03"]
[Round "11"]
[White "RIPOL"]
[Black "The_Straightforward_Rook"]
[Result "1-0"]
[WhiteElo "2460"]
[BlackElo "2549"]
[TimeControl "180+1"]
[EndTime "16:00:43 PDT"]
[Termination "RIPOL won by resignation"]

1. d4 Nf6 2. Bg5 d5 3. Bxf6 gxf6 4. c4 e5 5. cxd5 Qxd5 6. Nc3 Bb4 7. Qa4+ Nc6 8. Qxb4 Nxb4 9. Nxd5 Nxd5 10. O-O-O e4 11. e3 c6 12. Ne2 Rg8 13. Nc3 f5 14. Nxd5 cxd5 15. g3 Bd7 16. Kd2 Rc8 17. Be2 Ke7 18. Rc1 Rg6 19. Rxc8 Bxc8 20. Rc1 Rc6 21. Rxc6 bxc6 22.
Kc3 Kd6 23. Kb4 h6 24. Bh5 f6 25. Bg6 Bd7 26. Bh5 Bc8 27. Be2 Bd7 28. Ka5 Bc8 29. b4 Kc7 30. b5 Bb7 31. a4 Kd6 32.
b6 c5 33. dxc5+ Kxc5 34. bxa7 d4 35. exd4+ Kxd4 36. Kb6 Bd5 37. Ba6 e3 38. fxe3+ Kxe3 39. Bb7 1-0

[Event "Late-Titled-Tuesday-Blitz-October-03-2023"]
[Site "Chess.com"]
[Date "2023.10.03"]
[Round "11"]
[White "UK_23"]
[Black "K_alena13"]
[Result "1-0"]
[WhiteElo "2383"]
[BlackElo "2137"]
[TimeControl "180+1"]
[EndTime "16:00:43 PDT"]
[Termination "UK_23 won on time"]

1. e4 e5 2. Nf3 Nc6 3. Bc4 Nf6 4. d3 Be7 5. O-O O-O 6. Re1 d6 7. a3 a6 8. Nc3 b5 9. Ba2 Be6 10. Nd5 Bxd5 11. exd5 Nb8 12. b4 Nbd7 13. c4 Re8 14. Bb2 Bf8 15. a4 Nb6 16. a5 Na4 17. Qb3 Nxb2 18.
Qxb2 Qd7 19. h3 g6 20. Rac1 Reb8 21. Qc3 Bg7 22. Rb1 bxc4 23. dxc4 e4 24. Nd4 Re8 25.
Rbd1 Nh5 26. Qe3 f5 27. Ne6 Be5 28. f4 exf3 29. Qxf3 Ng7 30. c5 Qe7 31. Rxe5 dxe5 32.
d6 Qf7 33. Nxc7 Qxa2 34. Nxa8 Qc2 35. Qd5+ Kh8 36. d7 Rd8 37. c6 Qe2 38. c7 Qe3+ 39.
Kh1 Rf8 40. d8=Q 1-0

[Event "Late-Titled-Tuesday-Blitz-October-03-2023"]
[Site "Chess.com"]
[Date "2023.10.03"]
[Round "11"]
[White "Djager97"]
[Black "wild3000"]
[Result "1/2-1/2"]
[WhiteElo "2543"]
[BlackElo "2436"]
[TimeControl "180+1"]
[EndTime "16:00:48 PDT"]
[Termination "Game drawn by stalemate"]

1. e4 a6 2. d4 e6 3. Nf3 d5 4. exd5 exd5 5. Bd3 Nf6 6. O-O Be7 7. Bg5 O-O 8. h3 c5 9. dxc5 Bxc5 10. Nc3 Be6 11. Qd2 Nc6 12. Rad1 Nb4 13. Qf4 Nxd3 14. Rxd3 Be7 15.
Rfd1 h6 16. Bxf6 Bxf6 17. Nxd5 Bxd5 18. Rxd5 Qe7 19. b3 Qa3 20. c4 Qxa2 21. R1d3 a5 22. Rd6 a4 23. Rxf6 Qa1+ 24. Kh2 Qxf6 25. Qxf6 gxf6 26. bxa4 Rxa4 27. Rb3 Rb8 28. Nd2 Ra2 29. Ne4 f5 30. Nf6+ Kg7 31. Nd7 Rc8 32. Rxb7 Rxc4 33. Ne5 Rcc2 34. Rxf7+ Kg8 35. Rxf5 Rxf2 36. Rxf2 Rxf2 37.
Ng4 Ra2 38. Nxh6+ Kg7 39. Ng4 Kg6 40. Kg3 Ra3+ 41. Kh4 Ra4 42. g3 Rb4 1/2-1/2

[Event "Late-Titled-Tuesday-Blitz-October-03-2023"]
[Site "Chess.com"]
[Date "2023.10.03"]
[Round "11"]
[White "Giorno"]
[Black "Arteler"]
[Result "1-0"]
[WhiteElo "2521"]
[BlackElo "2598"]
[TimeControl "180+1"]
[EndTime "16:00:54 PDT"]
[Termination "Giorno won on time"]

1. e4 c5 2. Nf3 g6 3. g3 Bg7 4.
Bg2 Nc6 5. O-O e6 6. c3 Nge7 7. d4 cxd4 8. cxd4 d5 9. e5 O-O 10. Bf4 Qb6 11. Qd2 Na5 12. b3 Bd7 13. Na3 Rfc8 14. Rac1 Bb5 15. Nxb5 Qxb5 16. Bh6 Bh8 17. g4 Nac6 18. Qf4 Qb4 19. Rfe1 Nd8 20. Bg5 Rxc1 21.
Rxc1 Nec6 22. Bf6 Bxf6 23. exf6 Rc8 24. Ne5 Qf8 25. Nd7 1-0

[Event "Late-Titled-Tuesday-Blitz-October-03-2023"]
[Site "Chess.com"]
[Date "2023.10.03"]
[Round "11"]
[White "Alexandr_Predke"]
[Black "mishanick"]
[Result "0-1"]
[WhiteElo "2882"]
[BlackElo "3007"]
[TimeControl "180+1"]
[EndTime "16:00:57 PDT"]
[Termination "mishanick won by resignation"]

1. d4 Nf6 2. c4 e6 3. Nf3 d5 4. Nc3 Nbd7 5. e3 a6 6. a4 b6 7. cxd5 exd5 8. Bd3 Bb7 9. Ne5 Nxe5 10. dxe5 Ne4 11. O-O Bc5 12. Qg4 Qg5 13. Qf4 Qxf4 14.
exf4 f5 15. exf6 Nxf6 16. Bd2 Kf7 17. Rac1 Bd6 18. Rfe1 c5 19. b3 Rhe8 20. f3 Rad8 21. Rxe8 Rxe8 22. Kf2 d4 23. Ne4 Bxe4 24. fxe4 Nxe4+ 25. Bxe4 Rxe4 26. Kf3 Re7 27. g4 Ke6 28. Ke4 Kd7+ 29. Kd3 Kc6 30. h4 Kd5 31. Ra1 Re4 32.
Rf1 b5 33. axb5 axb5 34. Rc1 Bxf4 0-1

[Event "Late-Titled-Tuesday-Blitz-October-03-2023"]
[Site "Chess.com"]
[Date "2023.10.03"]
[Round "11"]
[White "RETURNOFTHELAGGER"]
[Black "Leebit02"]
[Result "1-0"]
[WhiteElo "2685"]
[BlackElo "2521"]
[TimeControl "180+1"]
[EndTime "16:00:59 PDT"]
[Termination "RETURNOFTHELAGGER won by resignation"]

1. e4 c5 2. Nc3 e6 3. f4 d5 4. Bb5+ Bd7 5. Bxd7+ Qxd7 6. d3 Nc6 7. Nf3 Be7 8. O-O Nf6 9. e5 Ng8 10. d4 h5 11. Be3 Nh6 12. dxc5 Nf5 13. Bf2 Rc8 14. Nb5 O-O 15. Nd6 Rc7 16. c3 b6 17. b4 bxc5 18.
bxc5 Na5 19. Nd4 Bxd6 20. cxd6 Rxc3 21. Nxf5 exf5 22. Qxh5 Nc4 23. Qd1 Qc6 24. Bxa7 Ra8 25. Bd4 Rca3 26. Rf2 Qa6 27. Qc2 Rb8 28. Qxf5 Qa4 29.
d7 Qc6 30. Re1 Qe6 31. Qxe6 fxe6 32. Bc5 Ra6 33. Be7 1-0

[Event "Late-Titled-Tuesday-Blitz-October-03-2023"]
[Site "Chess.com"]
[Date "2023.10.03"]
[Round "11"]
[White "chosenpr"]
[Black "PapaieDudu"]
[Result "0-1"]
[WhiteElo "2254"]
[BlackElo "2391"]
[TimeControl "180+1"]
[EndTime "16:01:00 PDT"]
[Termination "PapaieDudu won by checkmate"]

1. e4 c5 2. Nf3 d6 3. c3 Nf6 4.
Bd3 Nc6 5. h3 e6 6. Bc2 d5 7.
exd5 Nxd5 8. d4 cxd4 9. cxd4 Be7 10. O-O O-O 11. a3 Bd7 12. Nbd2 Rc8 13. Nc4 b5 14. Nce5 Be8 15. Bd2 b4 16. axb4 Ncxb4 17. Bb3 Bb5 18. Re1 f6 19. Ng4 Nd3 20. Rxe6 h5 21. Ne3 N3f4 22. Nf5 Kh8 23. Nxe7 Nxe6 24. Nxc8 Nef4 25.
Nxa7 Be2 26. Qc2 Bxf3 27. gxf3 f5 28. Kh2 Qh4 29. Kg1 Qxh3 30. Bxf4 Nxf4 31. Qxf5 Qg2# 0-1

[Event "Late-Titled-Tuesday-Blitz-October-03-2023"]
[Site "Chess.com"]
[Date "2023.10.03"]
[Round "11"]
[White "geordie_derraugh"]
[Black "dorpato"]
[Result "1-0"]
[WhiteElo "2454"]
[BlackElo "2067"]
[TimeControl "180+1"]
[EndTime "16:01:01 PDT"]
[Termination "geordie_derraugh won by resignation"]

1. e4 c5 2. c3 Nf6 3. e5 Nd5 4. Nf3 Nc6 5. d4 cxd4 6. cxd4 d6 7. Bc4 Nb6 8. Bb3 dxe5 9. dxe5 Qxd1+ 10. Kxd1 Bg4 11.
Bf4 Nd4 12. Nd2 e6 13. Rc1 Bb4 14. Rc7 Bxd2 15. Kxd2 Nxb3+ 16. axb3 Nd5 17. Rc4 b5 18. Rd4 O-O-O 19. Bg5 f6 20. Rxg4 fxg5 21. Rxg5 g6 22. Kc1 Kb7 23. Nd4 Rhe8 24. Nxb5 Kb6 25. Nd6 Re7 26. Kb1 Rc7 27. Rg4 a5 28. Ra4 Ra8 29. Rc4 Rd7 30. Rhc1 Nb4 31. Rc5 Nd3 32. Rb5+ Ka6 33.
Rc6+ Ka7 34. Rxa5+ Kb8 35. Rb6+ Kc7 36. Rb7+ Kc6 37.
Rxa8 Rxb7 38. Nxb7 Kxb7 39. Rh8 h5 40. Re8 Nxe5 41.
Rxe6 Ng4 42. f3 Nxh2 43. Re1 g5 44. Rh1 1-0

[Event "Late-Titled-Tuesday-Blitz-October-03-2023"]
[Site "Chess.com"]
[Date "2023.10.03"]
[Round "11"]
[White "Elbebiber"]
[Black "AleksandrAleksikov"]
[Result "1/2-1/2"]
[WhiteElo "2133"]
[BlackElo "2185"]
[TimeControl "180+1"]
[EndTime "16:01:04 PDT"]
[Termination "Game drawn by repetition"]

1. d4 Nf6 2. Bg5 e6 3. Nf3 Be7 4. e3 Ne4 5. Bxe7 Qxe7 6. c3 d5 7. Nbd2 O-O 8. Bd3 f5 9. O-O Nd7 10. c4 c6 11. Rc1 Kh8 12. b3 g5 13. Re1 g4 14. Ne5 Nxe5 15. dxe5 Rg8 16. Nxe4 fxe4 17. Bf1 Bd7 18. g3 Raf8 19. Bg2 Rf5 20. Qd4 c5 21.
Qc3 Qg7 22. cxd5 exd5 23. Qxc5 Be6 24. Qd6 Qxe5 25. Qxe5+ Rxe5 26. Rc7 Rg7 27. Rec1 Rf5 28. Rxg7 Kxg7 29. Rc7+ Rf7 30. Rxf7+ Kxf7 31. Kf1 Ke7 32. Ke1 Kd6 33. Kd2 Kc5 34. Kc3 a5 35. a3 b6 36.
Bf1 Bf7 37. b4+ axb4+ 38. axb4+ Kd6 39. Kd4 Be8 40. Be2 h5 41. Bd1 Bb5 42. Bb3 Bc6 43. Ba2 Ke6 44. Bb3 Kd6 45. Bd1 Bb5 46. Bc2 Bc6 47. Bb3 Ke6 48. Bd1 Bb5 49. Bc2 Kd6 50. Bb3 Bc6 1/2-1/2

[Event "Late-Titled-Tuesday-Blitz-October-03-2023"]
[Site "Chess.com"]
[Date "2023.10.03"]
[Round "11"]
[White "Veiso"]
[Black "pedromartinez91"]
[Result "1-0"]
[WhiteElo "2498"]
[BlackElo "2555"]
[TimeControl "180+1"]
[EndTime "16:01:05 PDT"]
[Termination "Veiso won by checkmate"]

1. e4 d5 2. exd5 Qxd5 3. Nc3 Qd8 4. Bc4 g6 5. Nf3 Bg7 6. h3 Nf6 7. d4 O-O 8. Be3 Nc6 9. Qd2 a6 10. O-O-O b5 11. Bd3 Nb4 12. Kb1 Nxd3 13. Qxd3 Bf5 14. Qe2 Nd5 15. Nxd5 Qxd5 16. Bf4 c5 17. Be5 cxd4 18.
Bxg7 d3 19. cxd3 Kxg7 20. g4 Be6 21. b3 a5 22. Rhe1 a4 23. b4 a3 24. Qe5+ Kg8 25.
Qxd5 Bxd5 26. Nd4 Ra4 27. Nc2 Rc8 28. Rd2 e6 29. Ka1 g5 30. Rb1 Rc3 31. Ne3 Kg7 32.
Nxd5 exd5 33. Rb3 Rc6 34. Kb1 Ra7 35. Rc2 Rf6 36. d4 Rf4 37. Rd2 Kf6 38. Kc2 Ke6 39.
Kd1 Kd6 40. Ke2 h5 41. f3 h4 42. Kf2 f5 43. gxf5 Rxf5 44. Re3 Ra4 45. Rde2 Rxb4 46. Re6+ Kc7 47. Re7+ Kb6 48. R2e6+ Ka5 49. Ra7# 1-0

[Event "Late-Titled-Tuesday-Blitz-October-03-2023"]
[Site "Chess.com"]
[Date "2023.10.03"]
[Round "11"]
[White "Rozhkov_V"]
[Black "jaskol95"]
[Result "0-1"]
[WhiteElo "2428"]
[BlackElo "2599"]
[TimeControl "180+1"]
[EndTime "16:01:07 PDT"]
[Termination "jaskol95 won by checkmate"]

1. c4 g6 2. g3 Bg7 3. Bg2 Nf6 4.
Nc3 c6 5. e4 d6 6. d4 O-O 7.
Nge2 e5 8. dxe5 dxe5 9. Be3 Qc7 10.
f3 Be6 11. b3 Rd8 12. Qc1 Nbd7 13. O-O a5 14. Bh6 Nc5 15. Bxg7 Kxg7 16. Qe3 b6 17.
Rad1 Rxd1 18. Rxd1 Rd8 19. Rd2 Rxd2 20. Qxd2 Qd7 21.
Qb2 Qd3 22. h3 Qe3+ 23. Kh2 Nd3 24. Qc2 Ne1 25. Qd1 Qf2 26. Nf4 exf4 27. Qe2 fxg3+ 28.
Kh1 Nh5 29. Qxf2 gxf2 30. Kh2 Nxf3+ 31. Kh1 Ng3# 0-1

[Event "Late-Titled-Tuesday-Blitz-October-03-2023"]
[Site "Chess.com"]
[Date "2023.10.03"]
[Round "11"]
[White "hellokostya"]
[Black "acertijo08"]
[Result "1-0"]
[WhiteElo "2541"]
[BlackElo "2357"]
[TimeControl "180+1"]
[EndTime "16:01:09 PDT"]
[Termination "hellokostya won by resignation"]

1. d4 Nf6 2. Bg5 e6 3. Nd2 d5 4. e3 Be7 5. Bd3 c5 6. c3 Nc6 7.
f4 Nd7 8. Bxe7 Qxe7 9. Ngf3 f5 10. O-O O-O 11. Ne5 Nf6 12. Ndf3 Bd7 13. Nxc6 bxc6 14.
Ne5 Rab8 15. b3 cxd4 16. exd4 c5 17. Qd2 cxd4 18. cxd4 Bb5 19. Bxb5 Rxb5 20. Qd3 Qb7 21. Rac1 Rb6 22. Rc2 Qa6 23. Rfc1 Qxd3 24. Nxd3 Ne4 25.
Rc7 Rf7 26. Ne5 Rxc7 27. Rxc7 h6 28. Rxa7 Rb4 29. Nf3 Rb8 30. Ra6 Rc8 31. h3 Rc1+ 32. Kh2 Kf7 33. Ne5+ Kg8 34. Rxe6 Rd1 35. Re8+ Kh7 36.
Nf3 Ra1 37. a4 Rb1 38. Rb8 Nc3 39. a5 Ne2 40. b4 Nxf4 41. a6 Rb2 42. a7 Nxg2 43.
a8=Q Ne1+ 44. Kg3 Rg2+ 45. Kf4 Nd3+ 46. Ke3 1-0

[Event "Late-Titled-Tuesday-Blitz-October-03-2023"]
[Site "Chess.com"]
[Date "2023.10.03"]
[Round "11"]
[White "Vaathi_Coming"]
[Black "reevecanada"]
[Result "0-1"]
[WhiteElo "2879"]
[BlackElo "2612"]
[TimeControl "180+1"]
[EndTime "16:01:13 PDT"]
[Termination "reevecanada won on time"]

1. b3 e5 2. Bb2 Nc6 3. e3 d5 4.
Bb5 Bd6 5. f4 Qe7 6. Nc3 Nf6 7.
fxe5 Bxe5 8. Nf3 Bd6 9. O-O O-O 10. Bxc6 bxc6 11. Ne2 Ne4 12. d3 Ng5 13. Qd2 Nxf3+ 14. Rxf3 Bg4 15. Rf2 Rae8 16. Nd4 c5 17. Nf5 Bxf5 18. Rxf5 Qxe3+ 19. Qxe3 Rxe3 20. Rxd5 Re2 21. Rc1 Bf4 22. Rf1 Be3+ 23. Kh1 Rxc2 24. Be5 Rxa2 25. Bxc7 Rb2 26. Bd6 Rd8 27. Re1 h6 28. g3 Bd4 29. b4 Bc3 30. Rc1 Bxb4 31. Rd1 a5 32. Be5 Rxd5 33. Bxb2 c4 34. d4 c3 35. Bc1 a4 36. Kg2 a3 37. Kf3 a2 38. Be3 c2 39.
Ra1 Ra5 40. Bd2 Bxd2 0-1

[Event "Late-Titled-Tuesday-Blitz-October-03-2023"]
[Site "Chess.com"]
[Date "2023.10.03"]
[Round "11"]
[White "Let_it_be_1"]
[Black "Zq1"]
[Result "1/2-1/2"]
[WhiteElo "2612"]
[BlackElo "2521"]
[TimeControl "180+1"]
[EndTime "16:01:13 PDT"]
[Termination "Game drawn - insufficient material"]

1. e4 c5 2. Nf3 d6 3. d4 cxd4 4. Nxd4 Nf6 5. Nc3 Nc6 6. Be2 g6 7. Be3 Bg7 8. O-O O-O 9. Qd2 Ng4 10. Bxg4 Bxg4 11. f3 Bd7 12. Rfd1 Rc8 13. Nxc6 Rxc6 14. Bd4 a6 15. Bxg7 Kxg7 16. Nd5 Be6 17. b3 Bxd5 18. exd5 Rc5 19. c4 b5 20. Rac1 Qc7 21. cxb5 axb5 22. Qd4+ f6 23. Rxc5 Qxc5 24. Qxc5 dxc5 25. Rc1 Rc8 26.
Kf2 Kf7 27. Ke3 e5 28. dxe6+ Kxe6 29. a4 bxa4 30. bxa4 Kd5 31. Kd3 Ra8 32. Ra1 Ra5 33. Kc3 f5 34. Kb3 Kd4 35. Rd1+ Ke3 36. Ra1 h5 37. Kc4 h4 38. h3 Kf2 39. Ra2+ Kg3 40.
Kd5 g5 41. Kc6 c4 42. Kb6 Rxa4 43. Rxa4 Kxg2 44. Ra5 Kxh3 45. Rxf5 g4 46. fxg4 Kxg4 47. Rc5 h3 48. Rxc4+ Kg3 49. Rc3+ Kg2 50. Rc2+ Kg1 51. Rc1+ Kg2 52. Rc2+ Kg1 53. Kc5 h2 54. Kd4 h1=Q 55. Rc1+ Kh2 56. Rxh1+ Kxh1 1/2-1/2

[Event "Late-Titled-Tuesday-Blitz-October-03-2023"]
[Site "Chess.com"]
[Date "2023.10.03"]
[Round "11"]
[White "djano"]
[Black "Herman-NY"]
[Result "1-0"]
[WhiteElo "2687"]
[BlackElo "2529"]
[TimeControl "180+1"]
[EndTime "16:01:14 PDT"]
[Termination "djano won by checkmate"]

1. e4 c5 2. Nc3 e6 3. f4 d5 4.
Nf3 Nf6 5. Bb5+ Bd7 6. Bxd7+ Nbxd7 7. Qe2 dxe4 8. Nxe4 Nxe4 9. Qxe4 Qc8 10. f5 Nf6 11.
Qe2 Bd6 12. fxe6 O-O 13. exf7+ Rxf7 14. O-O c4 15. b3 Qc5+ 16. Kh1 Re8 17. Qxc4 Qh5 18. Bb2 Ne4 19. Rae1 b5 20. Rxe4 Rxe4 21. Qxe4 Rxf3 22. Qe6+ Kh8 23. Qc8+ Bf8 24. Qxf8+ Rxf8 25. Rxf8# 1-0

[Event "Late-Titled-Tuesday-Blitz-October-03-2023"]
[Site "Chess.com"]
[Date "2023.10.03"]
[Round "11"]
[White "Alina_Gumerovna"]
[Black "andjela_djidjika"]
[Result "1-0"]
[WhiteElo "2103"]
[BlackElo "1965"]
[TimeControl "180+1"]
[EndTime "16:01:14 PDT"]
[Termination "Alina_Gumerovna won on time"]

1. Nf3 Nf6 2. g3 d6 3. Bg2 e5 4. d3 Be7 5. O-O O-O 6. c3 Re8 7. Nbd2 Bf8 8. e4 c6 9. Qc2 Be6 10. h3 h6 11. Kh2 Nbd7 12. d4 Qc7 13. Nh4 d5 14. dxe5 Nxe5 15. f4 Ng6 16. Nxg6 fxg6 17.
e5 Nd7 18. Qxg6 Bf7 19. Qc2 Nc5 20. b4 Ne6 21. Nf3 d4 22. cxd4 Bxb4 23. f5 Ng5 24.
Nxg5 hxg5 25. Bxg5 Bd5 26. Bf4 Bxg2 27. Qxg2 Qd7 28.
Rad1 Qxf5 29. d5 Qh5 30. dxc6 bxc6 31. Qxc6 Rf8 32. Qc4+ Kh8 33. Qxb4 Qe2+ 34. Kh1 Rad8 35. Qe1 Qb5 36. e6 Qb7+ 37. Kh2 Qb2+ 38. Rd2 Qb4 39. Rxd8 Qxe1 40. Rxe1 1-0

[Event "Late-Titled-Tuesday-Blitz-October-03-2023"]
[Site "Chess.com"]
[Date "2023.10.03"]
[Round "11"]
[White "rdarruda"]
[Black "KorolDimitriy75"]
[Result "1-0"]
[WhiteElo "2482"]
[BlackElo "2368"]
[TimeControl "180+1"]
[EndTime "16:01:15 PDT"]
[Termination "rdarruda won by checkmate"]

1. Nf3 c5 2. c4 g6 3. Nc3 Bg7 4. g3 Nc6 5. Bg2 Nh6 6. O-O Nf5 7. d3 h5 8. h4 a6 9. a3 Rb8 10.
Bd2 b5 11. Rb1 b4 12. axb4 Nxb4 13. Ne4 d6 14. Bc3 e5 15. e3 O-O 16. d4 exd4 17. exd4 Na2 18. dxc5 Nxc3 19. bxc3 Rxb1 20. Qxb1 dxc5 21.
Rd1 Qc7 22. Qc2 Bb7 23. Nfg5 Ra8 24. Qa4 Bc6 25. Nf6+ Bxf6 26. Bxc6 Ra7 27. Rd7 Qb8 28. Bd5 Nxg3 29. Bxf7+ Kh8 30. Bxg6 Ne2+ 31. Kf1 Nf4 32. Rxa7 Qxa7 33. Qe8+ Kg7 34. Bxh5 Qb7 35. Ne6+ Nxe6 36. Qxe6 Qh1+ 37. Ke2 Qxh4 38. Qf7+ Kh8 39. Bg6 Bxc3 40.
Qf8# 1-0

[Event "Late-Titled-Tuesday-Blitz-October-03-2023"]
[Site "Chess.com"]
[Date "2023.10.03"]
[Round "11"]
[White "HajiyevKanan"]
[Black "chessajedrezz2020"]
[Result "0-1"]
[WhiteElo "2529"]
[BlackElo "2683"]
[TimeControl "180+1"]
[EndTime "16:01:18 PDT"]
[Termination "chessajedrezz2020 won by resignation"]

1. d4 d5 2. Nf3 Nf6 3. c4 e6 4. cxd5 exd5 5. Nc3 h6 6. Bf4 Bd6 7. Bxd6 Qxd6 8. Qc2 c6 9. e3 Nbd7 10. Bd3 O-O 11. O-O b6 12. Rac1 Bb7 13. Rfd1 Rfe8 14.
Ne2 Rac8 15. Bf5 Rc7 16. Ng3 Nf8 17. Qa4 Ra8 18. a3 a5 19. Qc2 c5 20. b3 c4 21.
bxc4 dxc4 22. a4 Bxf3 23. gxf3 Ne6 24. Bxe6 Qxe6 25. Qf5 Qe8 26. Rb1 c3 27. Qc2 Qc6 28. Ne4 Nd5 29. Rb3 Nb4 30. Qxc3 Qg6+ 31. Kf1 Rxc3 32.
Rxc3 Qe6 33. d5 Nxd5 34. Rcd3 Qh3+ 35. Ke2 Nb4 36. Rd6 Rc8 37. R1d2 Rc2 38. Rd8+ Kh7 39. Rxc2 Nxc2 40. Rb8 Qe6 41. Rd8 Nb4 42. Kf1 Qh3+ 43. Ke2 Qe6 44. Kf1 Qb3 45. Kg2 Qxa4 46. Rb8 Qc6 47.
Rd8 Nd5 48. Rd6 Qc4 49. Rd7 Nf6 50. Re7 Nxe4 51. Rxe4 Qxe4 52. fxe4 a4 53. e5 a3 54.
f4 a2 0-1

[Event "Late-Titled-Tuesday-Blitz-October-03-2023"]
[Site "Chess.com"]
[Date "2023.10.03"]
[Round "11"]
[White "Mariia89"]
[Black "The_Princess_Moon"]
[Result "0-1"]
[WhiteElo "2060"]
[BlackElo "2288"]
[TimeControl "180+1"]
[EndTime "16:01:20 PDT"]
[Termination "The_Princess_Moon won on time"]

1. d4 c5 2. d5 d6 3. Nc3 e5 4. dxe6 Bxe6 5. e4 Nf6 6. Nf3 Nc6 7.
Bg5 Be7 8. Be2 O-O 9. O-O h6 10. Bh4 a6 11. a4 Nb4 12. Re1 Nd7 13. Bg3 Ne5 14. Nxe5 dxe5 15. Bxe5 Qxd1 16. Bxd1 Rad8 17. h3 Rd2 18. Rc1 Bg5 19. f4 Bh4 20. Re2 Rfd8 21. Bc7 Rxe2 22. Nxe2 Rd2 23. Ba5 Bc4 24. Bxb4 cxb4 25.
Kf1 Kf8 26. b3 Be6 27. Ng1 Rf2+ 28. Ke1 Rxc2+ 0-1

[Event "Late-Titled-Tuesday-Blitz-October-03-2023"]
[Site "Chess.com"]
[Date "2023.10.03"]
[Round "11"]
[White "scandalgod"]
[Black "GoldenShare"]
[Result "1-0"]
[WhiteElo "2500"]
[BlackElo "2563"]
[TimeControl "180+1"]
[EndTime "16:01:24 PDT"]
[Termination "scandalgod won by checkmate"]

1. d4 d5 2. c4 dxc4 3. e3 Nf6 4. Bxc4 e6 5. Nf3 a6 6. O-O b5 7. Bb3 Bb7 8. Qe2 c5 9. a4 b4 10. Rd1 Nbd7 11. Nbd2 Be7 12. Nc4 O-O 13. Nfe5 Bd5 14. e4 Bxc4 15. Bxc4 Nxe5 16. dxe5 Nd7 17. Bxa6 Qc7 18.
f4 Nb6 19. Bb5 c4 20. Be3 Bc5 21. Bxc5 Qxc5+ 22. Qf2 Qc7 23. a5 Nc8 24. a6 Nb6 25. Rd6 Rfb8 26. Rad1 h6 27. h3 Nc8 28. Rd8+ Kh7 29.
R1d7 Qa5 30. f5 Qxb5 31. fxe6 fxe6 32. Rh8+ Kg6 33. Qf7+ Kg5 34. Qxg7+ Kf4 35. Qg4+ Ke3 36. Qf3# 1-0